 Dungeon Crawl Stone Soup version 0.31-a0-1626-g5cb510d322 (webtiles) character file.

Game seed: 6912325478594958265

15683 Amplified the Thaumaturge (level 12, -1/95 HPs)
             Began as a Mummy Alchemist on Jan 12, 2024.
             Was an Initiate of Gozag.
             Shot with a bolt by an orc warlord (16 damage)
             ... on level 1 of the Orcish Mines.
             The game lasted 00:30:41 (14745 turns).

Amplified the Thaumaturge (Mummy Alchemist)        Turns: 14745, Time: 00:30:41

Health: -1/95      AC:  9    Str: 18    XL:     12   Next: 3%
Magic:  4/27       EV: 12    Int: 24    God:    Gozag
Gold:   834        SH:  0    Dex: 12    Spells: 20/33 levels left

rFire   x . .        p - +3 lajatang "Ogre's Demise" {spect, *Rage *Noise rN+++ Will++}
rCold   + + .        (shield currently unavailable)
rNeg    + + +        a - +0 robe
rPois   ∞            r - +2 helmet
rElec   .            e - +0 cloak
rCorr   .            m - +0 pair of gloves
SInv    .            g - +1 pair of boots
Will    ++++.        (no amulet)
Stlth   +++          h - ring of protection from cold
HPRegen 0.35/turn    w - ring of Wuokuir {Will+ Str+5 Int+6 Stlth+}
MPRegen 0.20/turn

%: faith
@: gold aura
A: cold resistance 1, negative energy resistance 3, torment resistance 2, heat
vulnerability 1, in touch with death 1, no potions, faith
a: Renounce Religion, Potion Petition, Call Merchant, Bribe Branch


You were on level 1 of the Orcish Mines.
You worshipped Gozag.
Gozag was pleased with you.
You visited 3 branches of the dungeon, and saw 14 of its levels.
You also visited: Gauntlet.

You collected 2242 gold pieces.
You spent 559 gold pieces at shops.
You paid 849 gold pieces to Gozag.

Inventory:

Hand Weapons
 o - a +1 trident of venom
 p - the +3 lajatang "Ogre's Demise" (weapon) {spect, *Rage *Noise rN+++ Will++}
   (You bought it in a shop on level 3 of the Dungeon)

   rN+++:     It renders you almost immune to negative energy.
   Will++:    It greatly increases your willpower.
   *Noise:    It may make a loud noise when swung.
   *Rage:     It berserks you when you make melee attacks (+20% chance).
 v - the +7 long sword of Mens Rea {freeze, rCorr}
   (You found it on level 9 of the Dungeon)

   rCorr:     It protects you from acid and corrosion.
 E - a +5 broad axe of venom
Missiles
 z - 5 javelins
Armour
 a - a +0 robe (worn)
 e - a +0 cloak (worn)
 g - a +1 pair of boots (worn)
 i - a +0 crystal plate armour
 k - a +0 kite shield
 m - a +0 pair of gloves (worn)
 r - a +2 helmet (worn)
 x - a +0 chain mail of fire resistance
 F - the +3 scale mail "Mutino" {Will+ rCorr Str+3}
   (You found it in a Gauntlet)

   Str+3:     It affects your strength (+3).
   Will+:     It increases your willpower.
   rCorr:     It protects you from acid and corrosion.
Magical Staves
 G - a staff of air
Jewellery
 h - a ring of protection from cold (left hand)
 j - a +6 ring of intelligence
 w - the ring of Wuokuir (right hand) {Will+ Str+5 Int+6 Stlth+}
   (You found it on level 9 of the Dungeon)

   [ring of intelligence]

   Str+5:     It affects your strength (+5).
   Int+6:     It affects your intelligence (+6).
   Will+:     It increases your willpower.
   Stlth+:    It makes you more stealthy.
 A - an amulet of guardian spirit
Wands
 s - a wand of mindburst (11)
 t - a wand of polymorph (2)
 u - a wand of digging (14)
 B - a wand of roots (6)
 D - a wand of flame (5)
Scrolls
 b - 4 scrolls of identify
 c - 5 scrolls of fog
 d - a scroll of teleportation
 f - 3 scrolls of noise
 l - a scroll of fear
 n - 3 scrolls of amnesia
 q - a scroll of vulnerability
 y - a scroll of blinking


   Skills:
 * Level 9.3 Fighting
 - Level 5.2(5.4) Polearms
 * Level 2.1(3.9) Staves
 - Level 1.5 Dodging
 - Level 1.5 Stealth
 * Level 11.4 Spellcasting
 * Level 7.8 Conjurations
 * Level 1.4 Air Magic
 - Level 8.0 Alchemy


You had 20 spell levels left.
You knew the following spells:

 Your Spells              Type           Power      Damage    Failure   Level
a - Sting                 Conj/Alch      100%       1d9       1%          1
b - Mercury Vapours       Alch/Air       72%        N/A       1%          2
c - Mephitic Cloud        Conj/Alch/Air  41%        N/A       1%          3
d - Olgreb's Toxic Radia  Alch           51%        N/A       1%          4
e - Ozocubu's Armour      Ice            13%        N/A       14%         3

Your spell library contained the following spells:

 Spells                   Type           Power      Damage    Failure   Level
 Magic Dart               Conj           100%       1d8       1%          1
 Momentum Strike          Conj/Tloc      64%        3d9       1%          2
 Dazzling Flash           Conj/Hex       64%        N/A       2%          3
 Apportation              Tloc           26%        N/A       4%          1
 Freeze                   Ice            52%        1d6       4%          1
 Necrotise                Necr           80%        1d8       4%          1
 Summon Small Mammal      Summ           52%        N/A       4%          1
 Iskenderun's Battlesphe  Conj           50%        2d10      4%          5
 Blink                    Tloc           26%        N/A       7%          2
 Call Imp                 Summ           26%        N/A       7%          2
 Leda's Liquefaction      Alch/Erth      16%        N/A       9%          4
 Sticky Flame             Fire/Alch      32%        2d7       9%          4
 Summon Ice Beast         Ice/Summ       13%        N/A       14%         3
 Vampiric Draining        Necr           20%        2d7       14%         3
 Arcjolt                  Conj/Air       17%        1d27      19%         5
 Fireball                 Conj/Fire      16%        3d8       26%         5
 Martyr's Knell           Necr/Summ      20%        N/A       41%         4
 Curse of Agony           Necr           20%        N/A       77%         5
 Lee's Rapid Deconstruct  Erth           6%         3d6*      77%         5
 Metabolic Englaciation   Hex/Ice        6%         N/A       77%         5
 Bombard                  Conj/Erth      16%        9d3       80%         6
 Sculpt Simulacrum        Ice/Alch       16%        N/A       80%         6
 Orb of Destruction       Conj           25%        9d9       83%         7
 Fire Storm               Conj/Fire      16%        8d4       100%        9


Dungeon Overview and Level Annotations

Branches:
Dungeon (12/15)            Temple (1/1) D:5            Lair (0/5) D:8
    Orc (1/2) D:10        Gauntlet (visited)

Altars:
Ashenzari
Cheibriados
Dithmenos
Fedhas
Gozag
Hepliaklqana
Kikubaaqudgha
Makhleb
Nemelex Xobeh
Okawaru
Qazlal
Ru
Sif Muna
Trog
Uskayaw
Vehumet
Wu Jian
Xom
Yredelemnul

Shops:
D:3 (   D:5 [   D:7 !

Annotations:
D:10 1 runed translucent door, ArtD's ghost, journeyman HOFi


Innate Abilities, Weirdness & Mutations

You are immune to poison.
Your flesh is cold resistant. (rC+)
You are immune to negative energy. (rN+++)
You are immune to unholy pain and torment.
You are vulnerable to heat. (rF-)
You are in touch with the powers of death.
You do not drink.
You have a special connection with the divine. (Faith)


Message History

The orc warlord is engulfed in noxious fumes.
Aiming: Mindburst
Press: ? - help, Shift-Dir - straight line, f/p - orc warlord
Aim: an orc warlord, wielding a +2 bardiche of protection and wearing a +4 plate armour of willpower (noxious fumes, moderately wounded, confused, extremely poisoned, chance to affect: 6%)
The orc warlord resists with almost no effort.
The orc warlord is engulfed in noxious fumes.
You barely miss the orc warlord.
The orc warlord is moderately wounded.
Your +3 lajatang "Ogre's Demise" {spect, *Rage *Noise rN+++ Will++} hits the orc warlord!!
Unknown command.
Unknown command.
You hit the orc warlord.
The orc warlord is heavily wounded.
Your +3 lajatang "Ogre's Demise" {spect, *Rage *Noise rN+++ Will++} hits the orc warlord but does no damage.
The orc warlord looks as sick as possible!
The orc warlord hits you with a +2 bardiche of protection!! x2
* * * LOW HITPOINT WARNING * * *
Unknown command.
Unknown command.
Your +3 lajatang "Ogre's Demise" {spect, *Rage *Noise rN+++ Will++} disappears.
The orc warlord looks as sick as possible!
Unknown command.
Unknown command.
You barely miss the orc warlord.
The orc warlord is severely wounded.
Your +3 lajatang "Ogre's Demise" {spect, *Rage *Noise rN+++ Will++} hits the orc warlord but does no damage.
The orc warlord looks as sick as possible!
The orc warlord seems less confused.
The orc warlord hits you with a +2 bardiche of protection!
* * * LOW HITPOINT WARNING * * *
Unknown command.
Unknown command.
Your +3 lajatang "Ogre's Demise" {spect, *Rage *Noise rN+++ Will++} disappears.
The orc warlord looks as sick as possible!
Your toxic aura wanes.
The orc warlord unwields a +2 bardiche of protection.
The orc warlord wields a +0 arbalest.
The orc warlord shoots a bolt.
The bolt hits you!
You die...
Your body crumbles into a pile of gold.

#................#
##......##.#......#
#...).....)).......
##........)#.......
#..................
##.............$...
###..........#....
##..............
#...#.@$..>....$
##............#.
.......o○........#
#######$##########
#°# .$$ #.$. #...
#...#


You could see an orc warlord (extremely poisoned).

Vanquished Creatures
  A minotaur (Gauntlet)
  2 two-headed ogres
  A boulder beetle (D:11)
  5 death yaks (D:8)
  An ice statue (Gauntlet)
  2 minotaur zombies (Gauntlet)
  A rime drake (Gauntlet)
  A kobold demonologist (D:9)
  2 trolls
  A raiju (Gauntlet)
  Sigmund (D:3)
  A wraith (D:10)
  17 yaks
  A fire bat (D:6)
  2 steam dragons
  Menkaure (D:6)
  A water moccasin (D:6)
  Duvessa (D:5)
  An acid dragon (D:10)
  2 black bears
  An ice beast (D:6)
  10 orc warriors
  3 ogres
  2 centaurs
  3 kobold brigands
  A phantom (D:6)
  2 bullfrogs (D:7)
  A gnoll sergeant (D:8)
  3 scorpions
  7 wights
  Dowan (D:5)
  21 killer bees
  2 howler monkeys
  A jelly (D:4)
  A bombardier beetle (D:4)
  2 hounds
  3 gnoll boudas
  7 orc priests
  2 sleepcaps (D:5)
  Terence (D:4)
  5 iguanas
  7 orc wizards
  Robin (D:3)
  9 adders
  20 gnolls
  A shadow imp (D:6)
  2 ufetubi (D:6)
  3 ribbon worms
  3 dart slugs
  35 orcs
  7 endoplasms
  4 giant cockroaches
  12 goblins
  12 hobgoblins
  8 jackals
  A quokka (D:1)
  4 ball pythons
  6 bats (D:2)
  4 frilled lizards
  16 kobolds
  4 rats
283 creatures vanquished.

Notes
Turn   | Place    | Note
-------+----------+-------------------------------------------
     0 | D:1      | Amplified the Mummy Alchemist began the quest for the Orb.
     0 | D:1      | Reached XP level 1. HP: 13/13 MP: 4/4
   243 | D:1      | Found a faded altar of an unknown god.
   444 | D:1      | Reached skill level 1 in Conjurations
   580 | D:1      | Reached XP level 2. HP: 9/20 MP: 0/5
   668 | D:1      | Reached skill level 3 in Spellcasting
   965 | D:2      | Reached skill level 1 in Fighting
  1017 | D:2      | Reached XP level 3. HP: 26/26 MP: 7/7
  1093 | D:2      | Learned a level 2 spell: Mercury Vapours
  1563 | D:2      | Reached XP level 4. HP: 32/32 MP: 4/9
  2203 | D:3      | Reached skill level 4 in Spellcasting
  2216 | D:3      | Reached XP level 5. HP: 38/38 MP: 0/11
  2321 | D:3      | Noticed Sigmund
  2336 | D:3      | Noticed Terence
  2360 | D:4      | Killed Terence
  2530 | D:4      | Learned a level 3 spell: Mephitic Cloud
  2753 | D:4      | Reached XP level 6. HP: 39/46 MP: 5/12
  3311 | D:5      | Entered Level 5 of the Dungeon
  3562 | D:5      | Reached skill level 5 in Spellcasting
  3791 | D:5      | Reached XP level 7. HP: 33/52 MP: 1/14
  3921 | D:5      | Found a staircase to the Ecumenical Temple.
  3968 | D:5      | Found Miserph's Antique Armour Shop.
  3971 | D:5      | Bought a pair of gloves for 139 gold pieces
  3991 | Temple   | Entered the Ecumenical Temple
  4012 | D:5      | Noticed Duvessa
  4012 | D:5      | Noticed Dowan
  4023 | D:5      | Killed Duvessa
  4031 | D:5      | Killed Dowan
  4454 | D:6      | Noticed Menkaure
  4537 | D:6      | Found a blossoming altar of Fedhas.
  4553 | D:6      | Found a snail-covered altar of Cheibriados.
  4561 | D:6      | Found a shadowy altar of Dithmenos.
  4566 | D:6      | Found an opulent altar of Gozag.
  4576 | D:6      | Found an ancient bone altar of Kikubaaqudgha.
  4581 | D:6      | Found a burning altar of Makhleb.
  4713 | D:6      | Reached skill level 6 in Spellcasting
  4720 | D:6      | Learned a level 4 spell: Olgreb's Toxic Radiance
  4871 | D:6      | Reached XP level 8. HP: 40/61 MP: 13/17
  5232 | D:6      | Became a worshipper of Gozag Ym Sagoz the Greedy
  5581 | D:3      | Noticed Robin
  5618 | D:3      | Killed Robin
  6088 | D:3      | Killed Sigmund
  6089 | D:3      | Reached skill level 5 in Fighting
  6089 | D:3      | Reached skill level 1 in Polearms
  6239 | D:3      | Found Wulutuj's Antique Weapon Emporium.
  6538 | D:7      | You fall into a shaft and drop 2 floors!
  6754 | D:9      | Noticed a kobold demonologist
  6763 | D:9      | Reached skill level 5 in Alchemy
  6776 | D:9      | Killed a kobold demonologist
  6777 | D:9      | Reached skill level 7 in Spellcasting
  7105 | D:7      | Reached XP level 9. HP: 66/68 MP: 18/20
  7111 | D:7      | Found Lolaruke's Distillery.
  7322 | D:3      | Bought a bloodstained lajatang for 420 gold pieces
  7322 | D:3      | Identified the +3 lajatang "Ogre's Demise" {spect, *Rage
                  | *Noise rN+++ Will++} (You bought it in a shop on level 3 of
                  | the Dungeon)
  7546 | D:6      | Killed Menkaure
  7547 | D:6      | Reached skill level 5 in Conjurations
  7841 | D:6      | Reached skill level 8 in Spellcasting
  7996 | D:6      | Found a bloodstained altar of Trog.
  8084 | D:6      | Found a shimmering altar of Xom.
  9109 | D:7      | Found a basalt altar of Yredelemnul.
  9422 | D:8      | Noticed a death yak
  9424 | D:8      | Found a staircase to the Lair.
  9447 | D:8      | Noticed a death yak
  9449 | D:8      | Reached XP level 10. HP: 77/77 MP: 7/22
  9449 | D:8      | Noticed a death yak
  9451 | D:8      | Noticed a death yak
  9452 | D:8      | Killed a death yak
  9453 | D:8      | Noticed a death yak
  9461 | D:8      | Killed a death yak
  9462 | D:8      | Reached skill level 9 in Spellcasting
  9474 | D:8      | Killed a death yak
  9477 | D:8      | Killed a death yak
  9477 | D:8      | Killed a death yak
  9958 | D:8      | Reached skill level 5 in Polearms
 10334 | D:9      | Found a hazy altar of Hepliaklqana.
 10346 | D:9      | Reached XP level 11. HP: 86/86 MP: 13/24
 10578 | D:9      | Reached skill level 10 in Spellcasting
 10666 | D:9      | Identified the +7 long sword of Mens Rea {freeze, rCorr}
 11029 | D:10     | Entered Level 10 of the Dungeon
 11214 | D:9      | Identified the ring of Wuokuir {Will+ Str+5 Int+6 Stlth+}
 11660 | D:10     | Noticed ArtD's ghost (journeyman HOFi)
 11664 | D:10     | Found a runed translucent door.
 11972 | D:10     | Found a staircase to the Orcish Mines.
 11980 | D:10     | Noticed a two-headed ogre
 11996 | D:10     | Killed a two-headed ogre
 12791 | D:11     | Noticed a two-headed ogre
 12945 | D:11     | Found a gate leading to a gauntlet.
 13025 | D:11     | Noticed a boulder beetle
 13033 | D:11     | Killed a boulder beetle
 13071 | Gauntlet | Entered a Gauntlet
 13071 | Gauntlet | Found a runed translucent gate.
 13071 | Gauntlet | Found a transporter.
 13071 | Gauntlet | Found a transporter.
 13096 | Gauntlet | Found a runed translucent gate.
 13097 | Gauntlet | Found a runed translucent gate.
 13105 | Gauntlet | Found a transporter.
 13108 | Gauntlet | Found a transporter.
 13116 | Gauntlet | Found a transporter.
 13119 | Gauntlet | Found a transporter.
 13123 | Gauntlet | Found a runed translucent door.
 13125 | Gauntlet | Found a runed translucent door.
 13125 | Gauntlet | Noticed a balrug
 13127 | Gauntlet | Found a transporter.
 13141 | Gauntlet | Noticed an obsidian statue
 13148 | Gauntlet | Found a transporter.
 13162 | Gauntlet | Found a transporter.
 13165 | Gauntlet | Found a transporter.
 13175 | Gauntlet | Found a transporter.
 13178 | Gauntlet | Found a transporter.
 13233 | Gauntlet | Learned a level 3 spell: Ozocubu's Armour
 13368 | Gauntlet | Identified a scroll of acquirement
 13369 | Gauntlet | Acquired Roucotse's Catalogue of Productive Injury
 13421 | Gauntlet | Noticed a minotaur
 13429 | Gauntlet | Killed a minotaur
 13430 | Gauntlet | Reached skill level 1 in Staves
 13430 | Gauntlet | Reached skill level 11 in Spellcasting
 13434 | Gauntlet | Identified the +3 scale mail "Mutino" {Will+ rCorr Str+3}
 13435 | Gauntlet | Got the Verses on the Ensnaring Deep Freeze
 13923 | D:11     | Killed a two-headed ogre
 14196 | D:11     | Reached skill level 1 in Air Magic
 14566 | Orc:1    | Entered Level 1 of the Orcish Mines
 14730 | Orc:1    | Noticed an orc warlord
 14736 | Orc:1    | Reached XP level 12. HP: 68/95 MP: 12/27
 14745 | Orc:1    | Shot with a bolt by an orc warlord

Illustrated notes

Levels and vault maps discovered:
D:1:      dpeg_cavernosity, layout_rooms,
          shapermc_ecumenical_altar_mp_urbaneastern
D:2:      layout_loops_ring, minmay_diced_spiral
D:3:      layout_basic, serial_shops, shop, uniq_terence, uniq_robin,
          uniq_sigmund
D:4:      layout_basic, nicolae_concentric_dashed_squares_mild, st_stairs_7
D:5:      layout_loops_cross, temple_statues, serial_shops,
          nicolae_shop_real_fake_doors, wad_floor_pattern_1, uniq_duvessa
D:6:      layout_layer_cave, lemuel_doored_altar,
          mainiacjoe_overflow_surrounded_room, grunt_temple_overflow_octagram,
          uniq_menkaure
D:7:      layout_rooms, lemuel_tele_altar, serial_shops, shop
D:8:      layout_loops_cross, dpeg_lair_monsters
D:9:      layout_basic, mainiacjoe_overflow_alcove_2
D:10:     layout_stronghold, orc_0_dummy, hellmonk_ghost_happy_afterlife,
          minivault_24, nicolae_elevator_lobby_plus
D:11:     layout_irregular_city, gauntlet_entry_generic,
          minmay_unpleasant_kobolds
D:12:     layout_rooms, nicolae_diode_basic
Temple:   hellmonk_temple_of_storms
Orc:1:    orc_temple, layout_caves

Skill      XL: |  1  2  3  4  5  6  7  8  9 10 11 |
---------------+----------------------------------+-----
Conjurations   | 1 2 3 4 5 6 7 |  7.8
Spellcasting   | 3 4 5 6 7 8 9 11 | 11.4
Fighting       | 1 2 3 4 5 6 7 9 |  9.3
Alchemy        | 3 4 5 6 7 8 |  8.0
Polearms       | 2 3 5 |  5.2
Staves         | 2 |  2.1
Air Magic      | 1 |  1.4
Dodging        | |  1.5
Stealth        | |  1.5

Action                     |  1- 3 |  4- 6 |  7- 9 | 10-12 || total
---------------------------+-------+-------+-------+-------++-------
  Melee: Dagger            |    73 |    49 |    89 |       ||   211
         Unarmed           |     3 |       |       |       ||     3
         Punch             |     1 |     2 |     5 |     2 ||    10
         Scimitar          |       |    71 |     9 |       ||    80
         Trident           |       |       |   262 |   100 ||   362
         Lajatang          |       |       |       |    51 ||    51
         Long sword        |       |       |       |    37 ||    37
   Cast: Sting             |    40 |    52 |    44 |     7 ||   143
         Mercury Vapours   |     3 |    32 |    48 |    19 ||   102
         Mephitic Cloud    |       |       |    18 |    23 ||    41
         Olgreb's Toxic Ra |       |       |    14 |    40 ||    54
         Ozocubu's Armour  |       |       |       |     2 ||     2
 Invoke: Potion Petition   |       |       |       |     3 ||     3
  Evoke: Wand              |       |       |    18 |    14 ||    32
    Use: Scroll            |     3 |     7 |     8 |     7 ||    25
   Stab: Sleeping          |     3 |       |     1 |       ||     4
         Confused          |       |       |     7 |    12 ||    19
         Distracted        |       |       |     1 |     1 ||     2
 Armour: Robe              |    42 |    97 |   259 |   106 ||   504
  Dodge: Dodged            |    57 |   117 |   251 |    91 ||   516

Table legend: (Time is in decaauts)
 A = Elapsed time spent in this place.
 B = Non-inter-level travel time spent in this place.
 C = Inter-level travel time spent in this place.
 D = Time resting spent in this place.
 E = Time spent auto-exploring this place.
 F = Levels seen in this place.
 G = Mean time per level.
                   A        B        C        D        E       F      G
               +--------+--------+--------+--------+--------+-----+--------+
         Total |  14859 |  13768 |   1091 |   1469 |   8972 |  15 |  990.6 |
       Dungeon |  14023 |  12933 |   1090 |   1226 |   8712 |  12 | 1168.6 |
        Temple |      1 |      1 |      0 |      0 |      0 |   1 |    1.0 |
  Orcish Mines |    181 |    181 |      0 |     13 |    119 |   1 |  181.0 |
      Gauntlet |    652 |    652 |      0 |    230 |    141 |   1 |  652.0 |
               +--------+--------+--------+--------+--------+-----+--------+

Top non-repeatable levels by time:
     D:6: 2192 daAuts
     D:9: 1903 daAuts
     D:5: 1408 daAuts
    D:10: 1356 daAuts
     D:3: 1300 daAuts
     D:2: 1182 daAuts
     D:4: 1156 daAuts
    D:11: 1007 daAuts
     D:1: 918 daAuts
     D:8: 917 daAuts
Gauntlet: 652 daAuts
     D:7: 650 daAuts
   Orc:1: 181 daAuts
    D:12: 31 daAuts
  Temple: 1 daAuts
